 Dungeon Crawl Stone Soup version 0.31.0-11-ge490571c62 (webtiles) character file.

Game seed: 5387331442705410279

430 qw the Shooter (level 6, 0/33 HPs)
             Began as a Spriggan Hunter on Feb 3, 2024.
             Succumbed to a scorpion's poison
             ... on level 4 of the Dungeon.
             The game lasted 00:00:52 (2831 turns).

qw the Shooter (Spriggan Hunter)                    Turns: 2831, Time: 00:00:53

Health: 0/33       AC:  2    Str:  7    XL:     6   Next: 66%
Magic:  7/7        EV: 20    Int: 10    God:
Gold:   179        SH:  0    Dex: 21    Spells: 5/5 levels left

rFire   . . .        a - +2 shortbow
rCold   . . .        (shield currently unavailable)
rNeg    . . .        c - +0 robe
rPois   .            (helmet restricted)
rElec   .            (no cloak)
rCorr   .            (gloves unavailable)
SInv    +            (boots unavailable)
Will    +....        (no amulet)
Stlth   ++           (no ring)
HPRegen 0.25/turn    (no ring)
MPRegen 0.10/turn

%: no passive effects
@: lethally poisoned (0 -> -13), about to teleport, very quick
A: very small, no large weapons, unfitting armour, see invisible, speed 3
a: no special abilities


You were on level 4 of the Dungeon.
You visited 1 branch of the dungeon, and saw 4 of its levels.

You collected 179 gold pieces.


Innate Abilities, Weirdness & Mutations

You are very small and have problems with some larger weapons.
You are too small for most types of armour.
You have supernaturally acute eyesight. (SInv)
You cover ground extremely quickly. (Speed+++)


   Skills:
 - Level 3.9 Fighting
 + Level 5.9 Ranged Weapons
 - Level 5.0 Dodging
 - Level 1.5 Stealth


You had 5 spell levels left.
You didn't know any spells.
Your spell library was empty.

Inventory:

Hand Weapons
 a - a +2 shortbow (weapon)
Armour
 c - a +0 robe (worn)
Wands
 b - a wand of flame (4)
 o - a wand of paralysis (7)
Scrolls
 d - a scroll of noise {unknown}
 f - a scroll of enchant armour {unknown}
 k - a scroll of identify
Potions
 g - a potion of degeneration {unknown}
 i - a potion of might {unknown}
 j - 2 potions of curing {unknown}
 l - a potion of brilliance {unknown}
 m - a potion of cancellation {unknown}

Dungeon Overview and Level Annotations

Branches:
Dungeon (4/15)
 Temple: D:4-7

Altars:
Uskayaw
Vehumet
Wu Jian

Annotations:
D:3 3 runed translucent doors, qw's ghost, amateur DEHu


Message History

2800 ||| READING scroll of enchant weapon.
2800 ||| ENCHANTING +1 shortbow.
Your +1 shortbow glows red for a moment.
A scorpion comes into view.
You shoot an arrow.
The arrow hits the scorpion but does no damage.
You shoot an arrow. The arrow closely misses the scorpion.
You shoot an arrow.
The arrow hits the scorpion but does no damage.
The scorpion stings you.
You are poisoned.
The scorpion poisons you! The scorpion barely misses you.
You shoot an arrow.
The arrow completely misses the scorpion.
You feel very sick. The scorpion stings you.
You are more poisoned.
The scorpion poisons you!
You shoot an arrow. The arrow hits the scorpion.
The scorpion is moderately wounded.
You feel very sick. The scorpion closely misses you.
You shoot an arrow.
The arrow hits the scorpion but does no damage.
The scorpion is moderately wounded.
You feel very sick. The scorpion stings you.
You are lethally poisoned!
The scorpion poisons you! The scorpion barely misses you.
You shoot an arrow. The arrow hits the scorpion.
The scorpion is heavily wounded.
You feel very sick. The scorpion completely misses you.
2830 ||| READING scroll of teleportation.
As you read the scroll of teleportation, it crumbles to dust.
You feel strangely unstable.
You feel very sick. The scorpion closely misses you.
You shoot an arrow. The arrow barely misses the scorpion.
You die...

#.........# #..... #####.#####
##...# ... #.# ##.## ...
#####.#### #.# ... #........# #.#
#.# #.###.##.# ##'## #.# #.#
#.##.# ##...# ###.# #.###.##.#
##..... ##.#.# #@##..##.###......
.####....#######s##...#.##.......
.)g).................)...'.......
.##.#>..###.####........##.......
#.##..# #.# ####..######......
#.###.# #.# #.## ##..... #.# #.#
#.# #.# ##...# #.# #.# #.# ###.#
##'## #.# #.# #.#####...## #.#


You could see a scorpion.

Vanquished Creatures
  Grinder (D:3)
  A gnoll bouda (D:4)
  Ijyb (D:3)
  6 gnolls
  5 adders
  4 dart slugs
  A ribbon worm (D:2)
  4 orcs (D:4)
  3 ball pythons
  7 bats
  3 endoplasms (D:1)
  2 giant cockroaches (D:1)
  8 goblins
  4 hobgoblins
  3 quokkas
  A frilled lizard (D:3)
  4 kobolds
  8 rats
66 creatures vanquished.

Notes
Turn   | Place    | Note
-------+----------+-------------------------------------------
     0 | D:1      | qw the Spriggan Hunter began the quest for the Orb.
     0 | D:1      | Reached XP level 1. HP: 10/10 MP: 2/2
     0 | D:1      | 0 ||| qw: Version: 0.3-a-155-g5e7d8dd
     0 | D:1      | 0 ||| qw: Game counter: 3386
     0 | D:1      | 0 ||| qw: Melee chars always use a shield: true
     0 | D:1      | 0 ||| qw: God list: Okawaru
     0 | D:1      | 0 ||| qw: Allow faded altars: false
     0 | D:1      | 0 ||| qw: Do Orc after clearing Dungeon:15 true
     0 | D:1      | 0 ||| qw: Do second Lair branch before Depths: true
     0 | D:1      | 0 ||| qw: Lair rune preference: random
     0 | D:1      | 0 ||| qw: Goals: Normal
     0 | D:1      | 0 ||| PLANNING D:1-11
    38 | D:1      | Reached skill level 3 in Dodging
   102 | D:1      | Reached XP level 2. HP: 14/14 MP: 3/3
   349 | D:1      | Reached XP level 3. HP: 12/18 MP: 4/4
   707 | D:1      | 707 ||| DROPPING scroll of butterflies.
   788 | D:2      | 788 ||| FLEEEEING.
   790 | D:2      | 790 ||| FLEEEEING.
   791 | D:2      | 791 ||| FLEEEEING.
   792 | D:2      | 792 ||| FLEEEEING.
   793 | D:2      | 793 ||| FLEEEEING.
   794 | D:2      | 794 ||| FLEEEEING.
   795 | D:2      | 795 ||| FLEEEEING.
   800 | D:2      | 800 ||| FLEEEEING.
   801 | D:2      | 801 ||| FLEEEEING.
   850 | D:2      | Reached XP level 4. HP: 22/22 MP: 5/5
  1235 | D:2      | 1235 ||| READING scroll labelled PENOTR WOSH.
  1236 | D:2      | 1236 ||| READING scroll labelled LOETSE BITUSY.
  1237 | D:2      | 1237 ||| READING scroll labelled QACSAGEAHU.
  1266 | D:3      | Noticed Grinder
  1267 | D:3      | 1267 ||| STAIRDANCE
  1283 | D:3      | 1283 ||| ZAPPING wand of flame (20) at -6,7 (Grinder;
                  | floor).
  1284 | D:3      | 1284 ||| ZAPPING wand of flame (19) at -6,6 (Grinder;
                  | floor).
  1285 | D:3      | 1285 ||| ZAPPING wand of flame (18) at -5,5 (Grinder;
                  | floor).
  1285 | D:3      | Paralysed by Grinder for 5 turns
  1290 | D:3      | 1290 ||| ZAPPING wand of flame (17) at -6,6 (Grinder;
                  | floor).
  1291 | D:3      | 1291 ||| ZAPPING wand of flame (16) at -2,1 (Grinder;
                  | floor).
  1292 | D:3      | 1292 ||| ZAPPING wand of flame (15) at -2,1 (Grinder;
                  | floor).
  1293 | D:3      | 1293 ||| ZAPPING wand of flame (14) at -1,0 (Grinder;
                  | floor).
  1293 | D:3      | Paralysed by Grinder for 5 turns
  1298 | D:3      | 1298 ||| ZAPPING wand of flame (13) at 0,-1 (Grinder;
                  | floor).
  1299 | D:3      | 1299 ||| ZAPPING wand of flame (12) at 0,-1 (Grinder;
                  | floor).
  1300 | D:3      | 1300 ||| ZAPPING wand of flame (11) at 0,-1 (Grinder;
                  | floor).
  1300 | D:3      | Paralysed by Grinder for 5 turns
  1308 | D:3      | 1308 ||| FLEEEEING.
  1310 | D:3      | 1310 ||| STAIRDANCE
  1360 | D:3      | 1360 ||| STAIRDANCE
  1420 | D:3      | 1420 ||| ZAPPING wand of flame (10) at -2,2 (Grinder;
                  | floor).
  1421 | D:3      | 1421 ||| ZAPPING wand of flame (9) at 3,-3 (Grinder;
                  | floor).
  1422 | D:3      | 1422 ||| ZAPPING wand of flame (8) at 2,-2 (Grinder;
                  | floor).
  1423 | D:3      | 1423 ||| ZAPPING wand of flame (7) at 1,-1 (Grinder;
                  | floor).
  1424 | D:3      | 1424 ||| ZAPPING wand of flame (6) at 1,-1 (Grinder;
                  | floor).
  1425 | D:3      | 1425 ||| ZAPPING wand of flame (5) at 1,-1 (Grinder;
                  | floor).
  1425 | D:3      | Killed Grinder
  1426 | D:3      | Reached skill level 3 in Fighting
  1426 | D:3      | Reached XP level 5. HP: 15/29 MP: 6/6
  1426 | D:3      | Reached XP level 6. HP: 17/33 MP: 7/7
  1531 | D:3      | Found an ornate altar of the Wu Jian Council.
  1640 | D:3      | Found a hide-covered altar of Uskayaw.
  1640 | D:3      | Found a radiant altar of Vehumet.
  1838 | D:3      | Found a runed translucent gate.
  1838 | D:3      | Found a runed translucent gate.
  1841 | D:3      | Found a runed translucent gate.
  1843 | D:3      | Noticed qw's ghost (amateur DEHu)
  1854 | D:3      | Noticed Ijyb
  1865 | D:3      | Killed Ijyb
  2079 | D:3      | 2079 ||| READING 3 scrolls labelled KUROEPLUUWE.
  2084 | D:3      | 2084 ||| READING scroll labelled DUSTRE MUPTURE LOM.
  2084 | D:3      | 2084 ||| IDENTIFYING smoky puce potion
  2085 | D:3      | 2085 ||| READING scroll labelled MUCAOH UQURUAWN.
  2085 | D:3      | 2085 ||| ENCHANTING +0 shortbow.
  2086 | D:3      | 2086 ||| READING scroll labelled WAORYCYLUKH.
  2187 | D:3      | 2187 ||| DRINKING 2 emerald potions.
  2188 | D:3      | 2188 ||| DRINKING 2 red potions.
  2216 | D:3      | 2216 ||| DROPPING potion of berserk rage.
  2217 | D:3      | 2217 ||| DROPPING potion of lignification.
  2629 | D:4      | 2629 ||| RETREEEEATING.
  2630 | D:4      | 2630 ||| RETREEEEATING.
  2632 | D:4      | 2632 ||| RETREEEEATING.
  2645 | D:4      | HP: 1/33 [gnoll/+0 flail[a gnoll bouda] (10)]
  2646 | D:4      | 2646 ||| READING 2 scrolls of teleportation.
  2647 | D:4      | 2647 ||| DRINKING potion of heal wounds.
  2800 | D:4      | 2800 ||| READING scroll of enchant weapon.
  2800 | D:4      | 2800 ||| ENCHANTING +1 shortbow.
  2829 | D:4      | HP: 7/33 [poisoned by a scorpion]
  2830 | D:4      | 2830 ||| READING scroll of teleportation.
  2830 | D:4      | HP: 3/33 [poisoned by a scorpion]
  2831 | D:4      | Succumbed to a scorpion's poison

Levels and vault maps discovered:
D:1:      ebering_trefoil_3fold, layout_basic, st_stairs_4,
          chequers_serial_rivers_micro_a, minmay_unequal
D:2:      layout_loops_cross
D:3:      layout_rooms, nicolae_wu_jian_immortal_techniques,
          gammafunk_temple_overflow_elements, ebering_ghost_rock_garden,
          lightli_corner_chamber, uniq_grinder, uniq_ijyb
D:4:      layout_loops_corners, tso_altar

Skill      XL: |  1  2  3  4 |
---------------+-------------+-----
Dodging        | 3 4 5 |  5.0
Ranged Weapons | 5 |  5.9
Fighting       | 3 |  3.9
Stealth        | |  1.5

Action                     |  1- 3 |  4- 6 || total
---------------------------+-------+-------++-------
   Fire: Shortbow          |    64 |   129 ||   193
  Evoke: Wand              |       |    16 ||    16
    Use: Scroll            |       |    10 ||    10
         Potion            |       |     3 ||     3
 Armour: Robe              |     4 |    17 ||    21
  Dodge: Dodged            |     8 |    49 ||    57

Table legend:
 A = Non-vault XP
 B = Vault XP
 C = Vault XP percentage of total XP
 D = Non-vault monster count
 E = Vault monster count
 F = Vault count percentage of total count
                 A         B        C        D         E       F
            +---------+---------+-------+---------+---------+-------
      Total |     285 |     330 |  53.7 |      60 |       6 |   9.1
            +---------+---------+-------+---------+---------+-------
        D:1 |      55 |       6 |   9.8 |      22 |       4 |  15.4
        D:2 |      87 |       0 |   0.0 |       9 |       0 |   0.0
        D:3 |      28 |     324 |  92.0 |      16 |       2 |  11.1
        D:4 |     115 |       0 |   0.0 |      13 |       0 |   0.0
            +---------+---------+-------+---------+---------+-------
